Map: Acropolis LE

Players

DnS - Winner!

  • Race: Protoss Protoss
  • Spawn Location: 5:00

Gerald

  • Race: Protoss Protoss
  • Spawn Location: 11:00

Event: 2019 WCS Summer

VOD

Have the link to the VOD?

Description

Time

  • Played on: July 12, 2019, 2:18 p.m.
  • Length: 11:21

All games in this series

Show
View Real Time Build Order
Export as new Build Order

DnS Protoss - Winner!

Build Orders: Zealot Archon 

Get SALT Encoding   

  12  0:00  Probe  
  13  0:12  Probe  
  14  0:17  Pylon  
  14  0:23  Probe  
  15  0:32  Probe  
  15  0:38  Gateway  
  15  0:40  Probe  
  16  0:46  Assimilator  
  17  0:51  Probe  
  17  0:55  Assimilator  
  18  1:00  Probe  
  19  1:08  Probe, Gateway  
  19  1:17  Probe  
  20  1:24  Cybernetics Core  
  21  1:29  Probe  
  22  1:35  Pylon  
  22  1:41  Probe  
  23  1:51  Warp Gate  
  23  1:53  Probe  
  24  2:01  Stalker, Sentry  
  28  2:11  Pylon  
  28  2:17  Pylon  
  28  2:27  Stalker  
  30  2:31  Stalker  
  32  2:47  Nexus  
  32  2:49  Probe  
  33  3:01  Probe  
  33  3:03  Sentry x2  
  38  3:09  Pylon  
  38  3:13  Probe  
  38  3:19  Shield Battery  
  39  3:28  Probe  
  39  3:29  Robotics Facility  
  40  3:40  Probe, Adept x2  
  45  3:52  Probe  
  46  3:59  Probe  
  47  4:03  Stalker  
  47  4:04  Probe  
  47  4:09  Immortal  
  50  4:11  Probe, Shield Battery  
  50  4:16  Probe  
  52  4:23  Probe  
  57  4:29  Probe  
  54  4:35  Probe  
  54  4:37  Pylon  
  54  4:38  Adept x2, Warp Prism  
  55  4:41  Probe  
  62  4:55  Probe x2  
  62  4:59  Pylon  
  64  5:00  Pylon  
  64  5:05  Immortal  
  64  5:08  Forge  
  64  5:20  Stalker x2  
  72  5:32  Probe x2  
  66  5:46  Warp Prism  
  61  5:54  Probe x2, Protoss Ground Weapons Level 1  
  61  6:06  Probe x2  
  61  6:07  Stalker  
  61  6:08  Stalker  
  67  6:13  Assimilator  
  67  6:15  Assimilator  
  67  6:18  Probe x2, Pylon  
  69  6:19  Twilight Council  
  69  6:28  Observer  
  69  6:32  Probe  
  71  6:36  Probe  
  70  6:44  Probe  
  70  6:46  Charge  
  71  6:52  Probe  
  76  6:57  Probe, Gateway  
  76  6:59  Gateway x2  
  76  7:00  Gateway  
  73  7:09  Templar Archives  
  73  7:14  Gateway x2  
  73  7:21  Pylon  
  73  7:30  Protoss Ground Weapons Level 2  
  73  7:39  Nexus  
  73  7:41  Pylon  
  73  7:45  Zealot x2  
  77  7:54  High Templar x2  
  77  7:56  High Templar x2  
  77  7:57  Pylon  
  85  7:58  Archon, Pylon  
  85  8:00  Archon  
  85  8:05  Zealot x2  
  89  8:17  Zealot x2  
  93  8:27  High Templar  
  93  8:28  Zealot x4, High Templar  
  93  8:32  Archon, Pylon  
  105  8:46  Observer  
  106  8:55  Photon Cannon  
  106  8:58  Zealot x2, High Templar x2  
  106  8:59  Zealot x2  
  118  9:03  Zealot x2, Archon  
  122  9:20  Zealot x4  
  130  9:27  High Templar x2  
  130  9:31  Archon, Pylon  
  134  9:33  Zealot x2, Pylon  
  136  9:45  Zealot  
  136  9:46  Zealot  
  136  9:50  Pylon  
  140  10:04  High Templar x2  
  144  10:08  Zealot x3, Archon  
  144  10:09  Zealot x3  
  144  10:10  Observer  
  156  10:17  Pylon  
  156  10:19  Pylon  
  156  10:20  Pylon  
  156  10:37  Zealot x6  
  156  10:38  Zealot x2  
  91  10:58  Zealot x6  
  96  11:13  High Templar x2  
  96  11:17  Archon  
  96  11:18  Zealot x3, High Templar x2  
  98  11:19  Zealot  
Show
View Real Time Build Order
Export as new Build Order

Gerald Protoss 

Build Orders: Archon Immortal 

Get SALT Encoding   

  12  0:00  Probe  
  13  0:13  Probe  
  14  0:17  Pylon  
  14  0:23  Probe  
  15  0:31  Probe  
  16  0:38  Gateway  
  16  0:39  Probe  
  16  0:45  Assimilator  
  17  0:51  Probe  
  17  0:53  Assimilator  
  18  0:59  Probe  
  19  1:07  Probe  
  19  1:09  Gateway  
  19  1:17  Probe  
  20  1:22  Pylon  
  21  1:29  Probe  
  21  1:32  Cybernetics Core  
  22  1:42  Probe  
  23  1:54  Probe, Pylon  
  24  2:09  Probe  
  24  2:10  Adept x2, Warp Gate  
  29  2:21  Robotics Facility  
  29  2:40  Stalker  
  30  2:54  Nexus  
  30  2:55  Sentry  
  32  3:01  Probe  
  32  3:03  Immortal  
  37  3:14  Probe  
  38  3:21  Pylon  
  38  3:33  Probe, Immortal  
  39  3:46  Probe  
  44  3:57  Forge  
  44  3:59  Probe  
  45  4:07  Probe  
  42  4:11  Probe  
  42  4:14  Warp Prism  
  45  4:21  Shield Battery  
  44  4:28  Probe x2  
  45  4:34  Adept  
  45  4:35  Adept  
  45  4:38  Probe  
  49  4:39  Probe  
  51  4:46  Probe  
  51  4:48  Probe  
  51  4:50  Observer  
  51  4:52  Protoss Ground Weapons Level 1  
  54  5:04  Probe  
  54  5:05  Probe  
  54  5:06  Stalker x2  
  60  5:16  Probe  
  60  5:18  Probe  
  59  5:29  Probe, Immortal, Pylon  
  59  5:31  Probe  
  61  5:37  Probe  
  61  5:39  Probe  
  56  5:50  Probe  
  56  5:51  Probe  
  48  6:02  Probe  
  49  6:04  Probe, Twilight Council  
  49  6:08  Immortal  
  49  6:09  Assimilator  
  54  6:11  Assimilator  
  54  6:12  Gateway  
  54  6:16  Probe, Gateway  
  55  6:21  Probe  
  56  6:28  Probe  
  56  6:31  Charge  
  57  6:33  Probe  
  58  6:40  Probe  
  58  6:46  Zealot, Warp Prism  
  58  6:47  Zealot, Protoss Ground Weapons Level 2  
  62  6:52  Probe x2  
  61  7:00  Probe  
  62  7:04  Probe, Gateway  
  62  7:08  Gateway  
  64  7:12  Probe  
  65  7:17  Probe, Templar Archives  
  64  7:32  Probe  
  65  7:39  Stalker x2  
  69  7:48  Pylon  
  69  7:56  Pylon  
  69  7:57  Pylon  
  69  8:01  Gateway  
  69  8:02  Gateway  
  69  8:17  High Templar x5  
  79  8:21  Archon x2  
  79  8:22  High Templar  
  82  8:29  Archon  
  82  8:32  Nexus  
  81  8:34  Pylon  
  81  8:47  Pylon  
  81  8:50  High Templar x2  
  81  8:53  Pylon x2  
  81  8:55  Archon, Pylon  
  85  9:00  Zealot  
  85  9:01  Zealot x3  
  93  9:08  Zealot x2  
  97  9:24  Zealot x4, High Templar x2  
  99  9:28  Archon  
  99  9:29  Zealot x2  
  113  9:42  Probe x2  
  113  9:43  Zealot  
  117  9:47  Zealot  
  117  9:48  Zealot x2  
  117  9:51  Probe  
  124  9:54  Probe x2  
  126  10:04  High Templar  
  126  10:05  High Templar x2  
  132  10:12  Shield Battery  
  132  10:13  Archon  
  132  10:14  Shield Battery  
  132  10:18  Photon Cannon, Assimilator  
  132  10:20  Zealot x2, Assimilator  
  136  10:26  High Templar x2  
  140  10:30  Archon  
  140  10:36  Pylon x2  
  140  10:42  Zealot x4  
  123  10:46  Zealot x2  
  92  10:59  Zealot x2  
  66  11:06  Zealot x4  
  47  11:11  Zealot  
  47  11:12  Zealot  
Tags
 
Add a new tag
Caveats
  • Supply blocks, unpowered buildings, or Contaminate may cause inaccurate times.
  • Supply counts are checked every 10 seconds.